[Event "*** Titled Tuesday Blitz"]
[Site "Chess.com"]
[Date "2020.05.26"]
[Round "10"]
[White "doons21"]
[Black "Zurability"]
[Result "0-1"]
[WhiteElo "2481"]
[BlackElo "2695"]
[TimeControl "180+1"]
[EndTime "12:02:52 PDT"]
[Termination "Zurability won by resignation"]

1. e4 c5 2. c3 d5 3. exd5 Qxd5 4. d4 Nc6 5. Nf3 Bg4 6. Be2 cxd4 7. cxd4 e6 8. O-O Nf6 9. Nc3 Qd6 10. Nb5 Qd8 11.
Bf4 Nd5 12. Bg3 Be7 13. Rc1 O-O 14. Ne5 Bxe2 15. Qxe2 Nxe5 16. dxe5 Qa5 17. a3 Qa6 18. Qc4 f6 19. Nc7 Qxc4 20. Rxc4 Rac8 21. Rfc1 Nb6 22. R4c2 Kf7 23. Nb5 Rxc2 24. Rxc2 Rc8 25. Rxc8 Nxc8 26. Kf1 a6 27. Nc3 Nb6 28. Nd1 Nc4 29. exf6 Bxf6 30. b3 Nxa3 31. Ke2 Nb5 32. Kd3 e5 33. f4 exf4 34. Bxf4 Ke6 35. g4 Kd5 36. Be3 Nd6 37.
Bd2 b6 38. Ne3+ Kc6 39. Ng2 a5 40. h4 Nb7 41. g5 Nc5+ 42. Kc2 Be5 43. h5 Ne4 44. Bc1 b5 45. Nh4 Ng3 46. h6 gxh6 47.
gxh6 Ne2 48. Bd2 Nd4+ 49. Kb1 Nxb3 50. Be3 a4 51. Nf3 Bf6 52. Bg5 Nd4 53. Nxd4+ Bxd4 54. Bd2 Kd5 55. Ka2 Kc4 0-1

[Event "*** Titled Tuesday Blitz"]
[Site "Chess.com"]
[Date "2020.05.26"]
[Round "10"]
[White "Kildepiotr"]
[Black "Gabrielian_Artur"]
[Result "0-1"]
[WhiteElo "2489"]
[BlackElo "2730"]
[TimeControl "180+1"]
[EndTime "12:02:55 PDT"]
[Termination "Gabrielian_Artur won by resignation"]

1. Nf3 Nf6 2. g3 g6 3. Bg2 Bg7 4. O-O O-O 5. d4 d6 6. Nbd2 a5 7. e4 a4 8. Qe2 Nfd7 9. e5 e6 10. Nc4 d5 11. Bg5 Qe8 12. Ncd2 c5 13. c3 b6 14. Qe3 Ba6 15. Rfe1 Nc6 16. a3 Rc8 17. Bh6 Qe7 18. h4 Na5 19. h5 cxd4 20. cxd4 Rc2 21. Nh2 Rxb2 22. Ng4 Nb3 23. Bxg7 Kxg7 24. Qh6+ Kg8 25.
Nf3 f5 26. exf6 Nxf6 27. Nxf6+ Qxf6 28. Rab1 Rxb1 29. Rxb1 Bd3 30. Re1 gxh5 31. Qxh5 Be4 32. Nh4 Qxf2+ 33. Kh2 Qxe1 34. Qg5+ Kf7 35. Qf4+ Kg7 36.
Qg5+ Bg6 37. Qe7+ Rf7 38. Nf5+ Bxf5 0-1

[Event "*** Titled Tuesday Blitz"]
[Site "Chess.com"]
[Date "2020.05.26"]
[Round "10"]
[White "Abund"]
[Black "OK97"]
[Result "0-1"]
[WhiteElo "2608"]
[BlackElo "2777"]
[TimeControl "180+1"]
[EndTime "12:02:57 PDT"]
[Termination "OK97 won by checkmate"]

1. d4 Nf6 2. c4 e6 3. Nc3 Bb4 4. f3 O-O 5. a3 Bxc3+ 6. bxc3 Nh5 7. g3 f5 8. Nh3 d6 9. Bg2 Nc6 10.
O-O e5 11. e3 Nf6 12. e4 fxe4 13. fxe4 Qe8 14. Nf2 b6 15. c5 dxc5 16. dxc5 Be6 17. Be3 Na5 18. cxb6 axb6 19. Qc1 Nb3 20. Qb2 Nxa1 21.
Rxa1 Qc6 22. Nd3 Ng4 23. Bd2 Rad8 24. h3 Rxd3 25. hxg4 Qc5+ 26. Kh2 Qf2 27. Rf1 Qxg3+ 28. Kg1 Rxf1+ 29. Kxf1 Qxg4 30. Qb5 Rd8 31. Be1 Qf4+ 32. Kg1 Qe3+ 33. Bf2 Rd1+ 34. Bf1 Qg5+ 35. Kh2 Qh5+ 36. Kg3 Qg4+ 37. Kh2 Qh5+ 38. Kg3 h6 39. Be2 Qh3# 0-1

[Event "*** Titled Tuesday Blitz"]
[Site "Chess.com"]
[Date "2020.05.26"]
[Round "10"]
[White "PawnEatingZombie"]
[Black "DucksParadise"]
[Result "1-0"]
[WhiteElo "2256"]
[BlackElo "2057"]
[TimeControl "180+1"]
[EndTime "12:02:57 PDT"]
[Termination "PawnEatingZombie won on time"]

1. d4 Nf6 2. c4 g6 3. Nc3 d5 4.
cxd5 Nxd5 5. e4 Nxc3 6. bxc3 Bg7 7.
Bg5 c5 8. Rc1 O-O 9. d5 Qd6 10.
Nf3 Bg4 11. Be2 Nd7 12. O-O e6 13. Qd2 exd5 14. Bf4 Qe7 15. exd5 Rfe8 16. Rfe1 Qf6 17. h3 Bxf3 18. Bxf3 Ne5 19. Bxe5 Rxe5 20. d6 Rxe1+ 21. Rxe1 Rd8 22. d7 Bf8 23. Bxb7 Kg7 24. c4 Bd6 25. Bc8 Be5 26. Qd5 Bd4 27. Re2 Qf4 28. Kh1 Qc1+ 29.
Kh2 Qf4+ 30. g3 Qf6 31. Kg2 Qf5 32. Qe4 Qxe4+ 33. Rxe4 Bf6 34. Re8 1-0

[Event "*** Titled Tuesday Blitz"]
[Site "Chess.com"]
[Date "2020.05.26"]
[Round "10"]
[White "ChessQueen"]
[Black "ShahMatKanal"]
[Result "1/2-1/2"]
[WhiteElo "2612"]
[BlackElo "2475"]
[TimeControl "180+1"]
[EndTime "12:02:58 PDT"]
[Termination "Game drawn - insufficient material"]

1. e4 c5 2. c3 Nf6 3. e5 Nd5 4. Nf3 e6 5. d4 cxd4 6. cxd4 d6 7. Bc4 Be7 8. O-O O-O 9. Nc3 Nxc3 10. bxc3 dxe5 11. Nxe5 Nd7 12. Nf3 Qc7 13. Qe2 b6 14.
Bb2 Nf6 15. Bd3 Bb7 16. c4 Nh5 17. g3 Bf6 18. Rfe1 g6 19. Rac1 Rfd8 20. Be4 Bxe4 21.
Qxe4 Rac8 22. Ne5 Bxe5 23. Qxe5 Qxe5 24. Rxe5 Ng7 25. g4 f6 26. Re3 Kf7 27. a4 h5 28.
h3 Rc6 29. Kg2 Rdc8 30. Rec3 hxg4 31. hxg4 Ne8 32. c5 bxc5 33. dxc5 Nc7 34. Rh3 e5 35. Rh7+ Ke6 36. Ba3 Nd5 37. Rxa7 Nf4+ 38. Kf3 Rd8 39.
Rc3 f5 40. gxf5+ Kxf5 41. Rf7+ Ke6 42. Rxf4 exf4 43. Kxf4 Rd4+ 44. Kg5 Rxa4 45. Kxg6 Rg4+ 46. Kh5 Rg1 47. Rg3 Rf1 48. Rg6+ Kd5 49. Rd6+ Rxd6 50.
cxd6 Rxf2 51. d7 Rh2+ 52. Kg6 Rh8 53. Be7 Ke6 54. Bf6 Kxd7 55. Bxh8 1/2-1/2

[Event "*** Titled Tuesday Blitz"]
[Site "Chess.com"]
[Date "2020.05.26"]
[Round "10"]
[White "Roza_Idrisova"]
[Black "VladimirBugayev"]
[Result "1-0"]
[WhiteElo "2184"]
[BlackElo "2175"]
[TimeControl "180+1"]
[EndTime "12:02:58 PDT"]
[Termination "Roza_Idrisova won on time"]

1. d4 d5 2. Nf3 Nf6 3. Bf4 c5 4. c3 Nc6 5. e3 Bf5 6. Nbd2 Qb6 7. Qb3 c4 8. Qxb6 axb6 9. a3 h6 10. h3 b5 11. g4 Bg6 12. Rc1 e6 13. Bg2 O-O-O 14. O-O Bd3 15. Rfe1 g5 16. Bg3 Ne4 17. Nxe4 dxe4 18. Nd2 f5 19. Ra1 h5 20. gxf5 exf5 21.
f3 exf3 22. Bxf3 g4 23. Bg2 h4 24. Bf4 Bd6 25. Bxd6 Rxd6 26. e4 fxe4 27. Nxe4 Rg6 28. Kh2 g3+ 29. Kg1 Rf8 30. Rad1 Kc7 31. Rd2 Nd8 32. Nc5 Bf5 33. d5 b6 34. Ne4 Bxe4 35.
Rxe4 Rgf6 36. Rxh4 Rf2 37. Rhd4 Kd6 38. h4 R8f4 39.
Rxf4 Rxf4 40. Rd4 1-0

[Event "*** Titled Tuesday Blitz"]
[Site "Chess.com"]
[Date "2020.05.26"]
[Round "10"]
[White "FairChess_on_YouTube"]
[Black "penguingm1"]
[Result "0-1"]
[WhiteElo "3011"]
[BlackElo "2903"]
[TimeControl "180+1"]
[EndTime "12:02:59 PDT"]
[Termination "penguingm1 won on time"]

1. e4 e5 2. Nf3 Nc6 3. Bb5 g6 4. c3 a6 5. Ba4 Bg7 6. d4 exd4 7. cxd4 b5 8. Bc2 d6 9. d5 Na5 10. Bd2 Bxb2 11. Bxa5 Bxa1 12. Nc3 Bb2 13. O-O Nf6 14. e5 dxe5 15. Nxe5 Bb7 16. Bb4 Bxc3 17. Bxc3 Qxd5 18. Nf3 O-O 19. Bxf6 Qxd1 20. Rxd1 Rfe8 21. h4 c5 22.
Ng5 h6 23. Rd7 hxg5 24. Rxb7 gxh4 25. Kh2 c4 26. Kh3 Re2 27. Bd1 Rxf2 28. Bf3 Rc8 29. Rd7 c3 30. Rd4 g5 31. Rd5 Rxf3+ 32. gxf3 c2 33. Bxg5 c1=Q 34. Bxc1 Rxc1 35. Rd6 Rc3 0-1

[Event "*** Titled Tuesday Blitz"]
[Site "Chess.com"]
[Date "2020.05.26"]
[Round "10"]
[White "Chessialist"]
[Black "1stSecond"]
[Result "0-1"]
[WhiteElo "2548"]
[BlackElo "2707"]
[TimeControl "180+1"]
[EndTime "12:02:59 PDT"]
[Termination "1stSecond won by resignation"]

1. e4 g6 2. h4 Bg7 3. h5 d5 4. exd5 Qxd5 5. Nc3 Qa5 6. Bc4 Nd7 7. Qe2 Ne5 8. Bb3 Bg4 9. f3 Bf5 10. d4 Nc6 11.
Be3 Nxd4 12. Bxd4 Bxd4 13. O-O-O Bxc3 14. bxc3 Qxc3 15. Kb1 Nf6 16. g4 Bd7 17. hxg6 fxg6 18. Rd3 Qb4 19. Re3 O-O-O 20. Rxe7 a5 21. Qe1 Qb6 22.
Qe3 c5 23. Kc1 a4 24. Bc4 Rhe8 25. Ne2 Rxe7 26. Qxe7 Re8 27. Qf7 Qd6 28. Nc3 Qf4+ 29. Kb1 Qd4 30. Nb5 Bxb5 31. Bxb5 Rd8 32. Bc4 a3 33.
Be6+ Kb8 34. c3 Qd3+ 0-1

[Event "*** Titled Tuesday Blitz"]
[Site "Chess.com"]
[Date "2020.05.26"]
[Round "10"]
[White "chenxiaoyuer"]
[Black "StockholmMissile"]
[Result "0-1"]
[WhiteElo "2298"]
[BlackElo "2423"]
[TimeControl "180+1"]
[EndTime "12:02:59 PDT"]
[Termination "StockholmMissile won on time"]

1. e4 e5 2. Nf3 Nc6 3. Bb5 a6 4. Ba4 Nf6 5. d3 b5 6. Bb3 Bc5 7. O-O d6 8. c3 Bb6 9. Nbd2 O-O 10. h3 h6 11. Re1 Re8 12. Nf1 Be6 13. Bxe6 fxe6 14. Ng3 Rf8 15. d4 exd4 16. cxd4 e5 17. Be3 Nd7 18. dxe5 Ncxe5 19. Nxe5 Bxe3 20. Rxe3 Nxe5 21. b3 Kh8 22. Rc1 c5 23. Qd5 Qf6 24. Rf1 Ng6 25.
Nf5 Rad8 26. f4 Rfe8 27. Qd2 d5 28. Ng3 dxe4 29. Qf2 Rd4 30. f5 Nf8 31. Nh5 Qg5 32. Nf4 Qxf5 33. g4 Qg5 34. Qg3 Ng6 35. Nh5 Ne5 36.
Rf5 Rd1+ 37. Kf2 Qe7 38. Nf4 Kh7 39. Rxe4 Nxg4+ 0-1

[Event "*** Titled Tuesday Blitz"]
[Site "Chess.com"]
[Date "2020.05.26"]
[Round "10"]
[White "A-Adly"]
[Black "Onischuk_V"]
[Result "0-1"]
[WhiteElo "2839"]
[BlackElo "2920"]
[TimeControl "180+1"]
[EndTime "12:03:03 PDT"]
[Termination "Onischuk_V won by resignation"]

1. Nf3 g6 2. g3 Bg7 3. d4 d6 4. Bg2 Nf6 5. O-O O-O 6. c4 Nc6 7. Nc3 e5 8. dxe5 dxe5 9. Qxd8 Rxd8 10. Bg5 Be6 11. Nd2 h6 12. Bxf6 Bxf6 13. Bxc6 bxc6 14. Rfd1 Be7 15. b3 f5 16. Nf3 Bf6 17. Rxd8+ Rxd8 18. Rd1 Rd6 19. e4 Kf7 20. Kf1 fxe4 21. Rxd6 cxd6 22. Nxe4 d5 23. cxd5 cxd5 24. Nxf6 Kxf6 25. h4 d4 26. Ke1 Bd5 27. Nd2 e4 28. Ke2 Ke5 29. a3 Be6 30. b4 Bg4+ 31. Ke1 Kd5 32. a4 e3 33. fxe3 dxe3 34. Nb3 Kc4 35. Na5+ Kxb4 36.
Nc6+ Kxa4 37. Nxa7 Bd7 38. Ke2 Ka5 39. Kxe3 Kb6 40.
Kf4 Kxa7 41. g4 h5 42. Kg5 Bxg4 43. Kxg6 Kb6 44. Kg5 Kc5 45. Kf4 Kd4 46. Kg3 Ke3 47. Kg2 Kf4 48. Kf2 Bf3 49. Kg1 Kg3 50. Kf1 Kxh4 51. Kg1 Kg3 52. Kf1 h4 53. Kg1 h3 54.
Kf1 h2 55. Ke1 h1=Q+ 0-1

[Event "*** Titled Tuesday Blitz"]
[Site "Chess.com"]
[Date "2020.05.26"]
[Round "10"]
[White "LuckSlayeer"]
[Black "Carnivoras"]
[Result "0-1"]
[WhiteElo "2479"]
[BlackElo "2621"]
[TimeControl "180+1"]
[EndTime "12:03:03 PDT"]
[Termination "Carnivoras won by checkmate"]

1. Nf3 d5 2. g3 Nf6 3. Bg2 Bg4 4. O-O Nbd7 5. d4 e6 6. Nbd2 Be7 7. Re1 O-O 8. c3 c5 9. Ne5 Nxe5 10. dxe5 Nd7 11. Nf3 Qc7 12. Bf4 h6 13. h3 Bf5 14. g4 Be4 15. Bg3 b5 16. Qd2 Rab8 17. Qe3 b4 18.
Nd2 Bxg2 19. Kxg2 bxc3 20. bxc3 Rb2 21. Nb3 Rb8 22. Qc1 R2xb3 23. axb3 Rxb3 24. e4 Qb7 25. exd5 Qxd5+ 26. Kg1 Qb7 27. Rd1 c4 28. Qf4 Nb6 29. Qd4 Qc7 30. Rdb1 Bc5 31. Qd2 Nd5 32. Rxb3 cxb3 33.
c4 Nb6 34. Qc3 Nxc4 35. Qxb3 Nb6 36. Qa2 Nd5 37. Qa5 Bb6 38. Qb5 Qc3 39. Rf1 Qxg3+ 40.
Kh1 Qxh3+ 41. Kg1 Qxg4+ 42. Kh1 Nf4 43. Qc6 Qh3+ 44. Kg1 Ne2# 0-1

[Event "*** Titled Tuesday Blitz"]
[Site "Chess.com"]
[Date "2020.05.26"]
[Round "10"]
[White "KNVB"]
[Black "GrafLermontov"]
[Result "1-0"]
[WhiteElo "2753"]
[BlackElo "2491"]
[TimeControl "180+1"]
[EndTime "12:03:03 PDT"]
[Termination "KNVB won by resignation"]

1. b3 e5 2. Bb2 Nc6 3. Nf3 e4 4. Nd4 Nxd4 5. Bxd4 d5 6. e3 Nf6 7. c4 c5 8. Bxf6 Qxf6 9. Nc3 d4 10. Nxe4 Qe5 11. Bd3 Bf5 12. f4 Qe7 13. Nd6+ Qxd6 14. Bxf5 g6 15. Be4 Rb8 16. Qf3 Bg7 17. Rd1 O-O 18.
Bxb7 Rfe8 19. Kf2 Qe7 20. Bc6 Rec8 21. Bd5 a5 22. e4 a4 23. e5 axb3 24. axb3 Rb6 25.
Rhe1 Rcb8 26. Rb1 Qh4+ 27. Ke2 h5 28. Rh1 Qe7 29. Kf2 Qh4+ 30. g3 Qe7 31. Kg2 Qa7 32. Ra1 Qe7 33. Ra3 Kh7 34. Re1 Rb4 35. e6 f5 36. Rea1 d3 37. Ra7 Qf6 38. Re1 Rxb3 39. e7 Re8 40. Bc6 Rxe7 41. Rexe7 Rb2 42. Rxg7+ 1-0

[Event "*** Titled Tuesday Blitz"]
[Site "Chess.com"]
[Date "2020.05.26"]
[Round "10"]
[White "nitpicker"]
[Black "chessfrendz"]
[Result "0-1"]
[WhiteElo "2285"]
[BlackElo "2399"]
[TimeControl "180+1"]
[EndTime "12:03:03 PDT"]
[Termination "chessfrendz won on time"]

1. d4 Nf6 2. c4 e6 3. g3 c5 4. d5 Bd6 5. dxe6 dxe6 6. Bg2 O-O 7. Nf3 Nc6 8. O-O Qe7 9. a3 Rd8 10. Qc2 Nd4 11. Nxd4 cxd4 12. b4 e5 13. Nd2 Be6 14. c5 Qc7 15. Qd3 Bf8 16. Bb2 Bd5 17. Ne4 Nxe4 18.
Bxe4 Bxe4 19. Qxe4 f6 20. e3 dxe3 21. Qxe3 Qc6 22.
Rad1 Be7 23. Qb3+ Kf8 24. f4 exf4 25. Rxf4 Rxd1+ 26. Qxd1 Rd8 27. Rd4 Rxd4 28. Qxd4 Qf3 29. Bc1 a6 30. Qe3 Qxe3+ 31. Bxe3 Kf7 32. Kf1 Ke6 33. Ke2 Kd5 34. Kd3 f5 35. Bf4 g5 36.
Bc7 Bf6 37. Bd6 g4 38. Bf8 Bb2 39. a4 Ba3 40. Kc3 Bc1 41. Kd3 Bb2 42. b5 axb5 43. axb5 Be5 44. Be7 Bc7 45. Bf8 f4 46. b6 Bb8 47.
Ke2 fxg3 48. hxg3 Bxg3 49. Ke3 h5 50. Be7 h4 51. Bxh4 Bxh4 0-1

[Event "*** Titled Tuesday Blitz"]
[Site "Chess.com"]
[Date "2020.05.26"]
[Round "10"]
[White "RobertoJBM"]
[Black "kleopl"]
[Result "1-0"]
[WhiteElo "2593"]
[BlackElo "2441"]
[TimeControl "180+1"]
[EndTime "12:03:05 PDT"]
[Termination "RobertoJBM won on time"]

1. d4 Nf6 2. c4 g6 3. Nc3 d5 4.
cxd5 Nxd5 5. e4 Nxc3 6. bxc3 c5 7. Bc4 Bg7 8. Ne2 Nc6 9. Be3 b6 10. O-O O-O 11. Qd2 Na5 12. Bd3 Qc7 13. Bh6 e5 14. Bxg7 Kxg7 15. dxe5 Qxe5 16. f4 Qd6 17. Qe3 Bb7 18.
f5 f6 19. fxg6 hxg6 20. Nf4 c4 21. Bc2 Rae8 22. Nxg6 Kxg6 23. e5+ Kf7 24. Bg6+ Kg7 25.
Bxe8 Qxe5 26. Qxe5 fxe5 27. Rxf8 Kxf8 28. Bh5 Kg7 29. Rf1 Bd5 30. Kf2 Nc6 31. Bf3 e4 32.
Rd1 Ne7 33. Be2 Kf6 34. g4 Ke5 35. h4 Kf4 36. Rd4 b5 37. h5 Kg5 38. Ke3 a6 39. a4 Bc6 40. axb5 axb5 41. Rd6 Bd5 42. Rd7 Kf6 43. g5+ Ke6 44. Bg4+ Kf7 45. g6+ Kf6 46.
Kf4 Bg8 47. Rd6+ Kg7 48. Kg5 Nd5 49. h6+ Kh8 50. Rd8 Nxc3 51. Be6 1-0

[Event "*** Titled Tuesday Blitz"]
[Site "Chess.com"]
[Date "2020.05.26"]
[Round "10"]
[White "MYMChessAcademy"]
[Black "Goryachkina"]
[Result "0-1"]
[WhiteElo "2449"]
[BlackElo "2593"]
[TimeControl "180+1"]
[EndTime "12:03:05 PDT"]
[Termination "Goryachkina won on time"]

1. e4 e6 2. d4 d5 3. Nc3 Bb4 4. e5 c5 5. a3 Ba5 6. b4 cxd4 7. bxa5 dxc3 8. Qg4 Kf8 9. Nf3 Ne7 10. Bd3 Nbc6 11. O-O Ng6 12. Re1 Qxa5 13. h4 Qc7 14. Qg3 Nge7 15.
a4 a5 16. Ba3 Nb4 17. h5 h6 18.
Nd4 Bd7 19. Qf3 Ke8 20. Nb5 Bxb5 21. Bxb5+ Kf8 22. Re2 Nf5 23. Qf4 Qc5 24. Rd1 Kg8 25.
g4 Ne7 26. Kg2 Nec6 27. Re3 d4 28. Rf3 Rf8 29. g5 hxg5 30. Qxg5 Qxe5 31. Qg4 Qxh5 32. Qe4 Qh2+ 33. Kf1 Rh4 34. Bxc6 Rxe4 35. Bxe4 Qh4 36. Bxb7 e5 37. Rg3 e4 38. Ke2 d3+ 39. cxd3 exd3+ 40. Kf3 Qh5+ 0-1

[Event "*** Titled Tuesday Blitz"]
[Site "Chess.com"]
[Date "2020.05.26"]
[Round "10"]
[White "ulkaf961"]
[Black "Tacticusbd"]
[Result "1-0"]
[WhiteElo "2240"]
[BlackElo "2423"]
[TimeControl "180+1"]
[EndTime "12:03:05 PDT"]
[Termination "ulkaf961 won on time"]

1. e4 e6 2. Qe2 c5 3. Nf3 Nc6 4. g3 g6 5. Bg2 Bg7 6. h4 h6 7. c3 Nge7 8. O-O d6 9. a3 Qc7 10. Rd1 e5 11. b4 Bg4 12. b5 Na5 13. a4 g5 14. hxg5 hxg5 15. d4 Nb3 16. Ra2 Nxc1 17. Rxc1 cxd4 18. Rac2 d3 19. Qxd3 f6 20. c4 b6 21.
Nbd2 Ng6 22. Nb3 Bf8 23. Nh2 Be6 24. Nd2 Qh7 25. Ndf1 Rc8 26. a5 Be7 27. axb6 axb6 28. Qe3 Rb8 29. Qa3 Kf7 30. Qf3 Nf8 31. Ng4 Nd7 32.
Nge3 Nc5 33. Nf5 g4 34. Qxg4 Rbg8 35. Qf3 Bf8 36. N5e3 1-0

[Event "*** Titled Tuesday Blitz"]
[Site "Chess.com"]
[Date "2020.05.26"]
[Round "10"]
[White "cukin84"]
[Black "LedakovAlexandr"]
[Result "0-1"]
[WhiteElo "2212"]
[BlackElo "2507"]
[TimeControl "180+1"]
[EndTime "12:03:06 PDT"]
[Termination "LedakovAlexandr won by resignation"]

1. e4 Nc6 2. d4 d6 3. d5 Nb8 4. c4 g6 5. Nc3 Bg7 6. Nf3 Bg4 7.
Be2 Bxf3 8. Bxf3 Nf6 9. O-O O-O 10. Be2 Nfd7 11. Be3 c6 12. Bd4 a5 13. f4 Na6 14. Bxg7 Kxg7 15. f5 Qb6+ 16. Kh1 Ne5 17. b3 Qe3 18. Rc1 Nc5 19. Bf3 a4 20. b4 Ncd3 21.
Rc2 Nxb4 22. Re2 Qxc3 23. g4 Nxf3 24. Ref2 Ne5 25. g5 Nbd3 26. f6+ exf6 27. gxf6+ Kh8 28. Rg2 Qd4 29. Qd2 Nf2+ 30. Rfxf2 Qxd2 31. Rxd2 Nxc4 32. Rd3 cxd5 33. Rgg3 Rfe8 34. Rh3 dxe4 35. Rd4 Rac8 36. Kg1 Re6 37. Rc3 b5 38. a3 Rxf6 39. Rxe4 Kg7 40.
Rd4 Rc5 41. h4 h5 42. Rd1 Ne3 43. Rxe3 Rc4 44. Rf1 Rg4+ 45. Kh2 Rxf1 46. Rd3 Rxh4+ 47. Kg2 Rb1 48. Rxd6 Rb3 49. Rb6 Rg4+ 50. Kf2 h4 0-1

[Event "*** Titled Tuesday Blitz"]
[Site "Chess.com"]
[Date "2020.05.26"]
[Round "10"]
[White "thedjoker98"]
[Black "rakshi2005"]
[Result "0-1"]
[WhiteElo "2448"]
[BlackElo "2340"]
[TimeControl "180+1"]
[EndTime "12:03:06 PDT"]
[Termination "rakshi2005 won by resignation"]

1. d4 Nf6 2. c4 g6 3. Nc3 Bg7 4. e4 d6 5. f3 O-O 6. Be3 c5 7. d5 e6 8. Qd2 exd5 9. cxd5 a6 10. a4 Nbd7 11. Nh3 Ne5 12. Nf2 Re8 13. Be2 Rb8 14. a5 b5 15. axb6 Qxb6 16. Ra2 Qb3 17. Qd1 Qb4 18. O-O Nc4 19. Bxc4 Qxc4 20. Ra4 Qb3 21.
Qxb3 Rxb3 22. Nd3 Nd7 23. Rc1 Nb6 24. Ra2 Nc4 25. Bf4 Nxb2 26. Rxb2 Rxc3 27. Rxc3 Bxc3 28. Rc2 Bd4+ 29. Kf1 a5 30. Bxd6 Ba6 31. Ke2 Rc8 32. Kd2 c4 33. Be5 c3+ 34. Rxc3 Bxc3+ 35. Bxc3 a4 36. Nb4 Bc4 37. Nc6 Ra8 38. Ke3 a3 39.
Kd4 Bb5 40. Kc5 Ba6 41. Kb6 Bc8 42. Kc7 Kf8 43. d6 Ke8 44. Nb8 Be6 45. Bd4 a2 46.
Kb7 a1=Q 47. Bxa1 Rxa1 48. Kc7 Rc1+ 0-1

[Event "*** Titled Tuesday Blitz"]
[Site "Chess.com"]
[Date "2020.05.26"]
[Round "10"]
[White "XxPetroffsxX"]
[Black "zala02"]
[Result "0-1"]
[WhiteElo "1943"]
[BlackElo "2235"]
[TimeControl "180+1"]
[EndTime "12:03:06 PDT"]
[Termination "zala02 won on time"]

1. e4 c5 2. Na3 Nc6 3. Nf3 g6 4. c3 Bg7 5. Bb5 e5 6. O-O Nge7 7. Nc4 d6 8. Ne3 O-O 9. a3 a6 10. Ba4 b5 11. Bc2 h6 12. b4 Be6 13. Bb3 c4 14.
Bc2 f5 15. exf5 gxf5 16. d3 d5 17. dxc4 dxc4 18. Qe2 e4 19. Nd4 Nxd4 20. cxd4 Qxd4 21. Rb1 Qf6 22. Rd1 Kh8 23. f3 exf3 24. Qxf3 Rad8 25. Bd2 Nd5 26. Nxd5 Bxd5 27. Qf2 Be4 28. Be3 Bd3 29.
Bxd3 cxd3 30. Rb3 f4 31. Bc5 Rfe8 32. Rbxd3 Rxd3 33. Rxd3 Qa1+ 34. Qf1 Re1 35. Rd8+ Kh7 36. Rd1 Qxd1 0-1

[Event "*** Titled Tuesday Blitz"]
[Site "Chess.com"]
[Date "2020.05.26"]
[Round "10"]
[White "JTCoach"]
[Black "witcher8"]
[Result "1-0"]
[WhiteElo "2663"]
[BlackElo "2457"]
[TimeControl "180+1"]
[EndTime "12:03:07 PDT"]
[Termination "JTCoach won by resignation"]

1. e4 c6 2. d4 d5 3. exd5 cxd5 4. Bd3 Nf6 5. Bf4 Nc6 6. c3 Bg4 7. Qb3 Qd7 8. Nd2 e6 9. Ngf3 Bxf3 10. Nxf3 Bd6 11.
Bxd6 Qxd6 12. O-O O-O 13. Rfe1 Rab8 14. Ne5 b5 15. a3 Qc7 16. Qd1 a5 17. Qd2 Nxe5 18.
dxe5 Nd7 19. Qf4 b4 20. cxb4 axb4 21. a4 b3 22. a5 Nc5 23. Bf1 Ra8 24. Qd2 Ne4 25.
Qb4 Rfb8 26. Qa4 Qc2 27. Re2 Qc5 28. a6 g6 29. g3 Rb6 30. Re3 Qc2 31. Re2 Qc4 32.
Qxc4 dxc4 33. Rxe4 c3 34. bxc3 b2 35. Rb1 Rc8 36. Re2 Rxa6 37. Rexb2 Ra3 38. c4 Kg7 39. Rc1 Rc5 40. Rb5 1-0

[Event "*** Titled Tuesday Blitz"]
[Site "Chess.com"]
[Date "2020.05.26"]
[Round "10"]
[White "iLuusions"]
[Black "Ural_bogatyr"]
[Result "1-0"]
[WhiteElo "2555"]
[BlackElo "2331"]
[TimeControl "180+1"]
[EndTime "12:03:07 PDT"]
[Termination "iLuusions won by checkmate"]

1. d4 Nf6 2. c4 e5 3. dxe5 Ng4 4. Bf4 Bb4+ 5. Nd2 d6 6. exd6 Qf6 7. Nh3 Nxf2 8.
Kxf2 Bxh3 9. g3 Bf5 10. Bg2 Nc6 11. Bxc6+ bxc6 12. Qa4 Bc5+ 13. Kg2 O-O 14. Qxc6 cxd6 15. Ne4 Qxb2 16. Rae1 Qd4 17. Nxc5 dxc5 18. e4 Be6 19. Rhf1 Bxc4 20. Rf2 Bd3 21. Rd2 c4 22. e5 Rac8 23. Qf3 Rfe8 24. h4 Rcd8 25. Kh2 c3 26. Rf2 c2 27. h5 Rc8 28. h6 Bg6 29. hxg7 Rc3 30. Qg4 h5 31. Qg5 Kxg7 32. Qh6+ Kg8 33.
Rfe2 Re6 34. Bg5 Qg4 35. Rg2 h4 36. Bf6 hxg3+ 37. Kg1 Qd4+ 38. Kh1 Rxf6 39. exf6 Qxf6 40. Re8# 1-0

[Event "*** Titled Tuesday Blitz"]
[Site "Chess.com"]
[Date "2020.05.26"]
[Round "10"]
[White "MathiasWomacka"]
[Black "IriBu"]
[Result "1-0"]
[WhiteElo "2410"]
[BlackElo "2524"]
[TimeControl "180+1"]
[EndTime "12:03:08 PDT"]
[Termination "MathiasWomacka won by checkmate"]

1. e4 Nf6 2. e5 Nd5 3. d4 d6 4.
Nf3 Bg4 5. Be2 c6 6. c4 Nb6 7. Nbd2 g6 8. h3 Bxf3 9. Nxf3 Bg7 10. exd6 exd6 11. Bf4 O-O 12. O-O Na6 13. Rb1 Nc7 14.
b4 d5 15. c5 Nc4 16. Bxc4 dxc4 17. Bxc7 Qxc7 18. Qc2 Rfd8 19. Qxc4 a6 20. Rfe1 Rd5 21. Re4 Rad8 22. Rbe1 Qd7 23. Re7 Qf5 24. Rxb7 Bxd4 25. Qxa6 Bc3 26. Rf1 Rd1 27. Qe2 Rxf1+ 28. Qxf1 Qc2 29.
Kh2 Rd1 30. Qa6 Qe4 31. Qa8+ Kg7 32. Qb8 h5 33. Qg3 h4 34. Qxh4 Qb1 35. Qf4 Rh1+ 36. Kg3 Qxa2 37. Ne5 Bxe5 38. Qxe5+ Kg8 39. Rb8+ Kh7 40.
Rh8# 1-0

[Event "*** Titled Tuesday Blitz"]
[Site "Chess.com"]
[Date "2020.05.26"]
[Round "10"]
[White "Roenko_Artur"]
[Black "talaicito"]
[Result "1-0"]
[WhiteElo "2281"]
[BlackElo "2150"]
[TimeControl "180+1"]
[EndTime "12:03:09 PDT"]
[Termination "Roenko_Artur won by checkmate"]

1. e4 e6 2. d4 d5 3. Nd2 Nf6 4. e5 Nfd7 5. Bd3 c5 6. c3 Nc6 7. Ne2 cxd4 8. cxd4 f6 9. Nf4 Nxd4 10. Qh5+ Ke7 11. Ng6+ hxg6 12. exf6+ Nxf6 13. Qxh8 Kf7 14. O-O e5 15. Nf3 Nxf3+ 16. gxf3 Bf5 17. Rd1 Qd7 18. Bg5 Rd8 19. Qh4 Be7 20. Rac1 Kg8 21. Bc2 d4 22.
Bb3+ Be6 23. Bxf6 Bxf6 24. Qe4 Bxb3 25. axb3 Kf7 26. Rc4 b5 27. Rc5 Rc8 28. Rdc1 Rxc5 29.
Rxc5 d3 30. Rd5 Qc7 31. Qxd3 Qc1+ 32. Qf1 Qg5+ 33. Kh1 Qf4 34. Qd1 e4 35. Rd7+ Kf8 36.
fxe4 Be5 37. Rd8+ Kf7 38. Qd7+ Kf6 39. Rf8+ Kg5 40. Rxf4 Bxf4 41. Qe6 b4 42. Qd5+ Kg4 43.
Kg2 g5 44. f3+ Kh5 45. h3 Kh4 46. Qg8 Kh5 47. Qh7# 1-0

[Event "*** Titled Tuesday Blitz"]
[Site "Chess.com"]
[Date "2020.05.26"]
[Round "10"]
[White "quesfr"]
[Black "Klavdia_Nik"]
[Result "1-0"]
[WhiteElo "2259"]
[BlackElo "2040"]
[TimeControl "180+1"]
[EndTime "12:03:09 PDT"]
[Termination "quesfr won on time"]

1. e4 e5 2. Nf3 Nc6 3. Bb5 a6 4. Ba4 Nf6 5. O-O Be7 6. d3 b5 7. Bb3 d6 8. Bd2 O-O 9. h3 a5 10. a4 b4 11. Be3 Bb7 12. Nbd2 h6 13. Re1 d5 14. exd5 Nxd5 15. Nc4 Bf6 16. Bc5 Re8 17. Qd2 Kh7 18. Re4 Bg5 19. Nxg5+ Qxg5 20. Qxg5 hxg5 21. Rae1 f6 22. c3 Nf4 23. R4e3 Rad8 24. Bc2 bxc3 25.
bxc3 Ba6 26. Nb2 Nd5 27. Rg3 Nxc3 28. Nc4 Nd5 29. h4 gxh4 30. Rg4 g5 31. g3 hxg3 32. Kg2 Kg7 33. fxg3 Ncb4 34. Bb1 1-0

[Event "*** Titled Tuesday Blitz"]
[Site "Chess.com"]
[Date "2020.05.26"]
[Round "10"]
[White "emiliocordova"]
[Black "Jumbo"]
[Result "1-0"]
[WhiteElo "2747"]
[BlackElo "2857"]
[TimeControl "180+1"]
[EndTime "12:03:11 PDT"]
[Termination "emiliocordova won on time"]

1. d4 g6 2. Nf3 Bg7 3. g3 d6 4. Bg2 Nd7 5. c4 e5 6. Nc3 Ne7 7. dxe5 dxe5 8. O-O O-O 9. Nd2 Nf5 10. Nde4 a5 11. b3 Re8 12. Ba3 Nd4 13. e3 Nc6 14. h4 h6 15. Qe2 f5 16. Rad1 Nb4 17.
Nc5 e4 18. Nb5 Bf8 19. Nxd7 Bxd7 20. h5 g5 21. f3 exf3 22. Bxf3 Bc5 23. Bc1 Re5 24.
a3 Nc6 25. g4 f4 26. Bd5+ Kf8 27. Kh1 Qe7 28. Qb2 Bxg4 29. exf4 Qe8 30. fxe5+ Ke7 31. Qh2 Bxd1 32. Rxd1 Rd8 33. e6 Bd6 34. Nxd6 Rxd6 35.
Rf1 Kd8 36. Qf2 Qxh5+ 37. Qh2 Qg6 38. Rf8+ Ke7 39. Rf7+ Ke8 40. Rf1 Ne7 41. Bxb7 Rxe6 42. Qxc7 Qh5+ 43. Qh2 Qg4 44. Qb8+ 1-0